 Dungeon Crawl Stone Soup version 0.26-a0-597-gb535b0901c (webtiles) character file.

Game seed: 15686982771909820853

23 Ge0ff the Sneak (level 3, -4/29 HPs)
             Began as a Human Delver on Aug 30, 2020.
             Slain by a phantom (6 damage)
             ... on level 5 of the Dungeon.
             The game lasted 00:00:56 (112 turns).

Ge0ff the Sneak (Human Delver)                       Turns: 112, Time: 00:00:57

Health: -4/29      AC:  3    Str: 13    XL:     3   Next: 10%
Magic:  3/3        EV: 12    Int: 10    God:
Gold:   0          SH:  0    Dex: 14    Spells: 2/2 levels left

rFire    . . .     SeeInvis .   a - +0 mace {*no*}
rCold    . . .     Faith    .   (no shield)
rNeg     . . .     Spirit   .   b - +0 leather armour
rPois    .         Reflect  .   (no helmet)
rElec    .         Harm     .   (no cloak)
rCorr    .                      (no gloves)
MR       .....                  (no boots)
Stlth    +++.......             (no amulet)
HPRegen  0.09/turn              (no ring)
MPRegen  0.08/turn              (no ring)

@: berserk cooldown, slowed, very slow
A: no striking features
a: no special abilities


You were on level 5 of the Dungeon.
You visited 1 branch of the dungeon, and saw 2 of its levels.

Inventory:

Hand Weapons
 a - a +0 mace (weapon) {*no*}
Armour
 b - a +0 leather armour (worn)
Scrolls
 m - a scroll of magic mapping
 F - a scroll of fog
Potions
 H - a potion of haste {!q}


   Skills:
 - Level 3.0 Fighting
 + Level 3.3 Maces & Flails
 - Level 2.0 Dodging
 - Level 5.0 Stealth


You had 2 spell levels left.
You didn't know any spells.
Your spell library was empty.

Dungeon Overview and Level Annotations

Branches:
Dungeon (6/15)             Temple (0/1) D:5

Altars:


Message History

The jackal barks!
The jackal bites you but does no damage.
The jackal barely misses you.
There is a staircase to the Ecumenical Temple here.
The jackal bites you but does no damage.
The jackal barely misses you. The jackal bites you.
* * * LOW HITPOINT WARNING * * *
The jackal closely misses you. The jackal misses you.
The jackal barely misses you. The jackal bites you.
* * * LOW HITPOINT WARNING * * *
The jackal closely misses you. The jackal barely misses you.
The jackal misses you.
The jackal bites you but does no damage.
The jackal bites you.
* * * LOW HITPOINT WARNING * * *
The jackal closely misses you. The jackal misses you. The jackal bites you.
* * * LOW HITPOINT WARNING * * *
The phantom hits you.
You die...

#.#### #....#
#########....####.
###+###....$.(..........
#.#.##......#.#.#.#.#.#
#.†....(............... ..#
######......#.......#.## #.#
#..........Wh.....### #.#
#......#...@h..#...... #..
#...................... ##..
#...)..#.......#........#≈..
#####......................≈
##.#.#.#.#.#...[ #.#.≈
#.............. #.#..
#######.#.=... #§#.. #.#
.... #.#.. #.# . #...#


You could see a phantom and 2 jackals.

Vanquished Creatures
  A worker ant (D:5)
1 creature vanquished.

Notes
Turn   | Place    | Note
-------+----------+-------------------------------------------
     0 | D:5      | Ge0ff the Human Delver began the quest for the Orb.
     0 | D:5      | Reached XP level 1. HP: 18/18 MP: 1/1
    17 | D:6      | Noticed an orc wizard
    17 | D:6      | Noticed an ice beast
    17 | D:6      | Noticed an orc priest
    17 | D:6      | Noticed an orc priest
    39 | D:5      | Noticed a phantom
    65 | D:5      | Found a staircase to the Ecumenical Temple.
    75 | D:5      | Noticed a worker ant
    90 | D:5      | Killed a worker ant
    90 | D:5      | Reached XP level 2. HP: 22/24 MP: 2/2
    90 | D:5      | Reached XP level 3. HP: 27/29 MP: 3/3
   112 | D:5      | Slain by a phantom

Illustrated notes

Levels and vault maps discovered:
D:5:      layout_basic, minmay_temple_entry_glass, serial_rivers,
          chequers_serial_rivers_micro_c, chequers_serial_rivers_small_a,
          chequers_serial_rivers_micro_c, chequers_serial_rivers_room_b,
          chequers_serial_rivers_room_b, serial_shops, kennysheep_mini_moat
D:6:      layout_basic, gammafunk_ghost_grave, roderic_batcave

Skill      XL: |  1 |
---------------+----+-----
Maces & Flails | 3 |  3.3
Fighting       | |  3.0
Dodging        | |  2.0
Stealth        | |  5.0

Action                   || total
-------------------------++-------
Melee: Mace              ||     7
Evoke: Wand              ||     3
  Use: Scroll            ||     1
       Potion            ||     1
Armor: Leather armour    ||     5
Dodge: Dodged            ||    18

Table legend: (Time is in decaauts)
 A = Elapsed time spent in this place.
 B = Non-inter-level travel time spent in this place.
 C = Inter-level travel time spent in this place.
 D = Time resting spent in this place.
 E = Time spent auto-exploring this place.
 F = Levels seen in this place.
 G = Mean time per level.
                   A        B        C        D        E       F      G
               +--------+--------+--------+--------+--------+-----+--------+
         Total |    117 |    117 |      0 |      0 |      0 |   2 |   58.5 |
       Dungeon |    117 |    117 |      0 |      0 |      0 |   2 |   58.5 |
               +--------+--------+--------+--------+--------+-----+--------+

Top non-repeatable levels by time:
     D:5: 115 daAuts
     D:6: 1 daAuts
